 Dungeon Crawl Stone Soup version 0.16-a0-621-gdc21f72 (webtiles) character file.

186 Ratboiler the Sneak (level 5, -1/31 HPs)
             Began as an Octopode Enchanter on Sept 17, 2014.
             Slain by Duvessa
             ... wielding a +0 short sword
              (10 damage)
             ... on Level 4 of the Dungeon.
             The game lasted 00:11:52 (4192 turns).

Ratboiler the Sneak (Octopode Enchanter)            Turns: 4192, Time: 00:11:52

HP  -1/31        AC  1     Str  7      XL: 5   Next: 66%
MP   0/9         EV 12     Int 18      God:
Gold 126         SH  0     Dex 13      Spells:  4 memorised,  0 levels left

rFire  . . .     SeeInvis .     a - +2 dagger (venom)
rCold  . . .     Clarity  .     (no shield)
rNeg   . . .     rCorr    .     (helmet restricted)
rPois  .         rRot     .     (no amulet)
rElec  .         Spirit   .     b - cursed ring of protection from magic
SustAb .         Warding  .     s - ring of protection from magic
rMut   .         Stasis   .     (no ring)
Gourm  .                        (no ring)
MR     ++...                    (no ring)
                                (no ring)
                                (no ring)
                                (no ring)

@: very resistant to hostile enchantments, stealthy
A: almost no armour, amphibious, 8 rings, constrict 8, camouflage 1, gelatinous
body 1
a: no special abilities


You were on level 4 of the Dungeon.
You were not hungry.

You visited 1 branch of the dungeon, and saw 4 of its levels.

You collected 126 gold pieces.

Inventory:

Hand weapons
 a - a +2 dagger of venom (weapon)
Missiles
 i - 5 poisoned needles
Magical devices
 q - a wand of slowing (12)
Comestibles
 d - a bread ration
 f - 3 beef jerkies
 g - 2 meat rations
Scrolls
 e - 2 scrolls of remove curse {unknown}
 h - a scroll of enchant weapon {unknown}
 j - 4 scrolls of random uselessness {unknown}
 k - 3 scrolls of amnesia {unknown}
 l - a scroll of fear {unknown}
 p - 2 scrolls of identify {unknown}
 t - a scroll of enchant armour {unknown}
 v - a scroll of teleportation {unknown}
 w - a scroll of immolation {unknown}
Jewellery
 b - a cursed ring of protection from magic (left tentacle)
 s - a ring of protection from magic (right tentacle)
Potions
 m - a potion of curing {unknown}
 n - a potion of heal wounds {unknown}
 o - 2 potions of lignification {unknown}
 r - 2 potions of might {unknown}
 u - a potion of restore abilities {unknown}
Books
 c - a book of Maledictions

   Spells                             Type                      Level
   *Corona                            Hexes                        1
   *Sure Blade                        Hexes/Charms                 2
   *Ensorcelled Hibernation           Hexes/Ice                    2
   *Confuse                           Hexes                        3
   Dazzling Spray                     Conjuration/Hexes            3
   Enslavement                        Hexes                        4


   Skills:
 + Level 2.4 Short Blades
 - Level 2.0 Dodging
 + Level 6.4 Stealth
 - Level 2.0 Spellcasting
 - Level 4.4 Hexes


You couldn't memorise any spells.
You knew the following spells:

 Your Spells              Type           Power        Failure   Level  Hunger
a - Corona                Hex            ###....      3%          1    #......
b - Ensorcelled Hibernat  Hex/Ice        #.....       12%         2    ##.....
c - Confuse               Hex            ###.....     12%         3    ####...
d - Sure Blade            Hex/Chrm       #.........   12%         2    ##.....


Dungeon Overview and Level Annotations

Branches:
Dungeon (4/15)
 Temple: D:4-7

Altars:
Cheibriados

Shops:
D:4 }

Annotations:
D:4 Dowan, Duvessa


Innate Abilities, Weirdness & Mutations

You cannot wear most types of armour.
You are amphibious.
You can wear up to eight rings at the same time.
You can use your tentacles to constrict many enemies at once.
Your skin changes colour to match your surroundings (Stealth).
Your rubbery body absorbs attacks (AC +1).


Message History

Duvessa easily resists.
Dowan zaps a wand.
The magic dart hits you!
Duvessa zaps a wand.
You resist with almost no effort. Duvessa barely misses you.
Dowan zaps a wand.
The magic dart hits you!
* * * LOW HITPOINT WARNING * * *
Drink which item? (? for menu, Esc to quit)
Okay, then.
Duvessa zaps a wand.
You resist with almost no effort.
Casting: Confuse
Confirm with . or Enter, or press ? or * to list all spells.
You don't have enough magic to cast that spell.
Duvessa zaps a wand.
You resist with almost no effort.
Duvessa zaps a wand.
You resist with almost no effort. Duvessa barely misses you.
Casting: Confuse
Confirm with . or Enter, or press ? or * to list all spells.
Aiming: Ensorcelled Hibernation
Press: ? - help, Shift-Dir - straight line, f/p - Duvessa
Aim: Duvessa, wielding a short sword (fast) Duvessa easily resists.
Duvessa hits you with a short sword!
You die...

##### ##..... .. ..#..# .
...####....# .
...........# .#
..#.........### ##.###
......##....... .....#
#..$.......######...#.##.
#..[ #.....e..e@........
.>e #.##.###.##...#.##.
e.. #.##..##.# #.## e.#
#)##...#.# .# ..#
#.##e..#.# . ..###
#........# ## ....#
#e......(#
.##.####)......###
...........).......


You could see Duvessa and Dowan.

Vanquished Creatures
  A hound (D:4)
  6 adders
  3 worms
  2 oozes (D:1)
  2 orcs
  A ball python (D:1)
  8 giant cockroaches
  9 hobgoblins
  6 jackals
  13 kobolds
  A quokka (D:3)
  6 bats
  5 giant newts
  5 goblins
  20 rats
88 creatures vanquished.

Notes
Turn   | Place    | Note
--------------------------------------------------------------
     0 | D:1      | Ratboiler, the Octopode Enchanter, began the quest for the Orb.
     0 | D:1      | Reached XP level 1. HP: 11/11 MP: 3/3
   206 | D:1      | Reached XP level 2. HP: 13/17 MP: 4/4
   210 | D:1      | Learned a level 2 spell: Ensorcelled Hibernation
  1164 | D:1      | Reached XP level 3. HP: 18/21 MP: 6/6
  1242 | D:1      | Reached skill level 5 in Stealth
  1570 | D:1      | Learned a level 3 spell: Confuse
  2294 | D:2      | Reached XP level 4. HP: 27/27 MP: 7/7
  2488 | D:2      | Found a snail-covered altar of Cheibriados.
  2934 | D:3      | Reached XP level 5. HP: 12/31 MP: 2/9
  3119 | D:3      | Learned a level 2 spell: Sure Blade
  3572 | D:3      | Reached skill level 6 in Stealth
  3982 | D:4      | Found Irhoer's Gadget Shop.
  3998 | D:4      | Noticed Dowan
  4147 | D:4      | Noticed Duvessa
  4192 | D:4      | Slain by Duvessa

Action                   |  1- 3 |  4- 6 || total
-------------------------+-------+-------++-------
Melee: Dagger            |   107 |    79 ||   186
 Cast: Corona            |     1 |       ||     1
       Ensorcelled Hiber |     1 |     5 ||     6
       Confuse           |     1 |     9 ||    10
       Sure Blade        |       |     5 ||     5
 Stab: Sleeping          |     7 |    11 ||    18
       Confused          |     2 |       ||     2
       Distracted        |     1 |       ||     1
  Eat: Chunk             |     4 |     8 ||    12
